 Dungeon Crawl Stone Soup version 0.22-b1-26-g9dbaab1 (webtiles) character file.

2012 ketsa the Magician (level 9, 0/69 HPs)
             Began as a Gnoll Skald on Aug 8, 2018.
             Slain by a hippogriff (6 damage)
             ... on level 7 of the Dungeon.
             The game lasted 00:26:13 (6835 turns).

ketsa the Magician (Gnoll Skald)                    Turns: 6835, Time: 00:26:13

Health: 0/69       AC:  5    Str: 15    XL:     9   Next: 22%
Magic:  17/18      EV: 16    Int: 16    God:
Gold:   373        SH:  0    Dex: 16    Spells: 9/20 levels left

rFire    . . .     SeeInvis .   D - +1 hand axe (elec)
rCold    . . .     Gourm    .   (no shield)
rNeg     . . .     Faith    .   b - +0 leather armour
rPois    .         Spirit   .   (no helmet)
rElec    .         Reflect  .   c - +1 cloak
rCorr    .         Harm     .   (no gloves)
MR       +....                  (no boots)
Stlth    ++........             (no amulet)
HPRegen  0.21/turn              h - ring of protection from magic
MPRegen  0.16/turn              O - ring of flight

@: infused
A: distributed training, fangs 1, strong nose
a: Evoke Flight


You were on level 7 of the Dungeon.
You were not hungry.

You visited 1 branch of the dungeon, and saw 7 of its levels.

You collected 373 gold pieces.

Inventory:

Hand Weapons
 a - a +0 hand axe
 l - a +0 hand axe
 y - a +2 falchion of holy wrath
 A - a +0 morningstar
 B - a +0 mace of holy wrath
 D - a +1 hand axe of electrocution (weapon)
 K - a +2 mace
 L - a +2 halberd
Missiles
 g - 89 arrows
 r - 38 sling bullets
 t - a throwing net
 v - 365 stones (quivered)
 J - 19 bolts
Armour
 b - a +0 leather armour (worn)
 c - a +1 cloak (worn)
 i - a +0 scale mail
 o - a cursed +0 cloak
 u - a +0 ring mail
 P - a cursed +0 ring mail
Jewellery
 h - a ring of protection from magic (left hand)
 O - a ring of flight (right hand)
Wands
 q - a wand of flame (81)
Scrolls
 j - a scroll of enchant weapon {unknown}
 k - a scroll of noise {unknown}
 m - 3 scrolls of amnesia
 s - a scroll of fear {unknown}
 x - a scroll of fog {unknown}
 C - 2 scrolls of remove curse {unknown}
 F - 4 scrolls of identify
 G - a scroll of random uselessness {unknown}
 N - 2 scrolls of enchant armour
 Q - 3 scrolls of teleportation {unknown}
 S - a scroll of magic mapping {unknown}
Potions
 e - 2 potions of resistance
 f - a potion of haste {unknown}
 n - 6 potions of curing
 p - a potion of invisibility {unknown}
 w - 3 potions of flight
 z - 3 potions of heal wounds {unknown}
 E - a potion of agility
 H - a potion of ambrosia {unknown}
 I - a potion of brilliance {unknown}
 M - a potion of berserk rage {unknown}
 T - a potion of lignification {unknown}
Comestibles
 d - 18 rations
 R - 4 chunks of flesh


   Skills:
 + Level 6.1 Fighting
 + Level 4.0 Short Blades
 + Level 4.0 Long Blades
 + Level 6.1 Axes
 + Level 4.0 Maces & Flails
 + Level 4.0 Polearms
 + Level 4.0 Staves
 + Level 4.0 Slings
 + Level 4.0 Bows
 + Level 4.0 Crossbows
 + Level 4.0 Throwing
 + Level 4.8 Armour
 + Level 6.1 Dodging
 + Level 4.0 Stealth
 + Level 4.0 Shields
 + Level 4.0 Unarmed Combat
 + Level 6.4 Spellcasting
 + Level 3.2 Conjurations
 + Level 3.2 Hexes
 + Level 6.4 Charms
 + Level 3.2 Summonings
 + Level 3.2 Necromancy
 + Level 3.2 Translocations
 + Level 3.2 Transmutations
 + Level 3.2 Fire Magic
 + Level 3.2 Ice Magic
 + Level 3.2 Air Magic
 + Level 3.2 Earth Magic
 + Level 3.2 Poison Magic
 + Level 4.3 Invocations
 + Level 4.0 Evocations


You had 9 spell levels left.
You knew the following spells:

 Your Spells              Type           Power        Failure   Level  Hunger
a - Infusion              Chrm           ####         1%          1    None
b - Song of Slaying       Chrm           ####....     1%          2    None
c - Shroud of Golubria    Chrm/Tloc      ###.......   3%          2    None
d - Regeneration          Chrm/Necr      ###.......   6%          3    ##.....
e - Spectral Weapon       Hex/Chrm       ###.....     6%          3    ##.....

Your spell library contained the following spells:

 Spells                   Type           Power        Failure   Level  Hunger
 Cause Fear               Hex            ###.......   38%         4    ####...
 Slow                     Hex            ###.....     6%          2    None
 Confuse                  Hex            ###.....     12%         3    ##.....
 Tukima's Dance           Hex            ###.....     12%         3    ##.....
 Ensorcelled Hibernation  Hex/Ice        ###...       6%          2    None
 Corona                   Hex            ###....      4%          1    None
 Portal Projectile        Hex/Tloc       ###...       12%         3    ##.....
 Leda's Liquefaction      Hex/Erth       ###.......   38%         4    ####...
 Inner Flame              Hex/Fire       ###.....     12%         3    ##.....
 Dazzling Spray           Conj/Hex       ###...       12%         3    ##.....


Dungeon Overview and Level Annotations

Branches:
Dungeon (7/15)
 Temple: D:4-7

Altars:
Fedhas
Hepliaklqana
Qazlal
Ru
Trog
Uskayaw
Vehumet
Wu Jian
Xom

Annotations:
D:4 Grinder


Innate Abilities, Weirdness & Mutations

Your experience applies equally to all skills.
You have very sharp teeth.
Your uncanny sense of smell can sniff out nearby items.


Message History

You begin infusing your attacks with magical energy.
The hippogriff bites you.
* * * LOW HITPOINT WARNING * * *
The hippogriff barely misses you. The hippogriff misses you.
You barely miss the hippogriff.
The hippogriff is severely wounded.
The hippogriff bites you but does no damage.
The hippogriff misses you. The hippogriff claws you.
* * * LOW HITPOINT WARNING * * *
You barely miss the hippogriff.
The hippogriff is severely wounded.
The hippogriff closely misses you. The hippogriff pecks you.
* * * LOW HITPOINT WARNING * * *
The hippogriff closely misses you.
You barely miss the hippogriff.
The hippogriff is severely wounded.
The hippogriff bites you.
* * * LOW HITPOINT WARNING * * *
The hippogriff misses you. The hippogriff claws you.
You die...

.....#####....#
.....#...#....#
.#'###...#....#
.#..##...#....####
.#..##'########..#
.#............>..#
##...............#
.................#
##+#######+#####@#
...... .>......H#
#...... .........#
......[ .........#
..... .........#
... .........#
.###### ...#######
.#....# ...
.#<...#


You could see a hippogriff.

Vanquished Creatures
  A hippogriff (D:7)
  Sigmund (D:3)
  Duvessa (D:7)
  3 sky beasts
  A big kobold (D:7)
  2 bullfrogs
  Dowan (D:7)
  A scorpion (D:7)
  5 wights (D:5)
  A crimson imp (D:7)
  A bullfrog skeleton (D:4)
  3 orc priests
  A gnoll shaman (D:4)
  4 hounds
  Jessica (D:3)
  Terence (D:3)
  An iguana (D:4)
  3 orc wizards
  3 worker ants
  A hound zombie (D:5)
  4 adders
  4 gnolls (D:4)
  A shadow imp (D:6)
  An adder zombie (D:6)
  An adder skeleton (D:4)
  5 worms
  13 dart slugs
  5 leopard geckos
  11 orcs
  4 bats
  7 giant cockroaches
  7 goblins
  7 hobgoblins
  3 jackals (D:1)
  2 quokkas (D:5)
  3 ball pythons
  3 frilled lizards
  9 kobolds
  2 leopard gecko skeletons (D:4)
  4 rats
132 creatures vanquished.

Notes
Turn   | Place    | Note
-------+----------+-------------------------------------------
     0 | D:1      | ketsa the Gnoll Skald began the quest for the Orb.
     0 | D:1      | Reached XP level 1. HP: 20/20 MP: 6/6
   322 | D:1      | Reached XP level 2. HP: 26/26 MP: 7/7
   326 | D:1      | Learned a level 2 spell: Song of Slaying
   812 | D:1      | Reached XP level 3. HP: 30/31 MP: 9/9
   953 | D:2      | Reached skill level 5 in Spellcasting
  1135 | D:2      | Reached skill level 1 in Invocations
  1144 | D:2      | Found a hide-covered altar of Uskayaw.
  1230 | D:2      | Reached skill level 1 in Short Blades
  1230 | D:2      | Reached skill level 1 in Long Blades
  1230 | D:2      | Reached skill level 1 in Maces & Flails
  1230 | D:2      | Reached skill level 1 in Polearms
  1230 | D:2      | Reached skill level 1 in Staves
  1230 | D:2      | Reached skill level 1 in Slings
  1230 | D:2      | Reached skill level 1 in Bows
  1230 | D:2      | Reached skill level 1 in Crossbows
  1230 | D:2      | Reached skill level 1 in Throwing
  1230 | D:2      | Reached skill level 1 in Stealth
  1230 | D:2      | Reached skill level 1 in Shields
  1230 | D:2      | Reached skill level 1 in Unarmed Combat
  1230 | D:2      | Reached skill level 1 in Evocations
  1415 | D:2      | Reached XP level 4. HP: 37/38 MP: 11/11
  1861 | D:3      | Noticed Sigmund
  1879 | D:3      | Killed Sigmund
  1879 | D:3      | Reached skill level 1 in Conjurations
  1879 | D:3      | Reached skill level 1 in Hexes
  1879 | D:3      | Reached skill level 1 in Summonings
  1879 | D:3      | Reached skill level 1 in Necromancy
  1879 | D:3      | Reached skill level 1 in Translocations
  1879 | D:3      | Reached skill level 1 in Transmutations
  1879 | D:3      | Reached skill level 1 in Fire Magic
  1879 | D:3      | Reached skill level 1 in Ice Magic
  1879 | D:3      | Reached skill level 1 in Air Magic
  1879 | D:3      | Reached skill level 1 in Earth Magic
  1879 | D:3      | Reached skill level 1 in Poison Magic
  1879 | D:3      | Reached XP level 5. HP: 30/43 MP: 1/12
  1879 | D:3      | Reached XP level 6. HP: 36/50 MP: 1/13
  1917 | D:3      | Noticed Terence
  1948 | D:3      | Killed Terence
  2445 | D:3      | Noticed Jessica
  2455 | D:3      | Reached skill level 5 in Fighting
  2455 | D:3      | Reached skill level 5 in Axes
  2455 | D:3      | Reached skill level 5 in Dodging
  2458 | D:3      | Killed Jessica
  2679 | D:3      | Found a radiant altar of Vehumet.
  2951 | D:4      | Found a hazy altar of Hepliaklqana.
  3250 | D:4      | Reached XP level 7. HP: 55/56 MP: 15/15
  3269 | D:4      | Found a sacrificial altar of Ru.
  3842 | D:3      | Learned a level 2 spell: Shroud of Golubria
  3846 | D:3      | Learned a level 3 spell: Regeneration
  3850 | D:3      | Learned a level 3 spell: Spectral Weapon
  4237 | D:4      | Noticed Grinder
  4591 | D:5      | Entered Level 5 of the Dungeon
  4972 | D:5      | Reached XP level 8. HP: 63/63 MP: 16/16
  5011 | D:5      | Found a blossoming altar of Fedhas.
  5198 | D:5      | Found a stormy altar of Qazlal.
  6018 | D:6      | Found a shimmering altar of Xom.
  6084 | D:6      | Found an ornate altar of the Wu Jian Council.
  6378 | D:7      | Noticed Duvessa
  6378 | D:7      | Noticed Dowan
  6384 | D:7      | Killed Dowan
  6389 | D:7      | Killed Duvessa
  6389 | D:7      | Reached XP level 9. HP: 40/69 MP: 15/18
  6580 | D:7      | Found a bloodstained altar of Trog.
  6835 | D:7      | Slain by a hippogriff

Skill      XL: |  1  2  3  4  5  6  7  8  9 |
---------------+----------------------------+-----
Spellcasting   | 5 6 |  6.4
Invocations    | 1 2 3 4 |  4.3
Short Blades   | 1 2 3 4 |  4.0
Long Blades    | 1 2 3 4 |  4.0
Maces & Flails | 1 2 3 4 |  4.0
Polearms       | 1 2 3 4 |  4.0
Staves         | 1 2 3 4 |  4.0
Slings         | 1 2 3 4 |  4.0
Bows           | 1 2 3 4 |  4.0
Crossbows      | 1 2 3 4 |  4.0
Throwing       | 1 2 3 4 |  4.0
Stealth        | 1 2 3 4 |  4.0
Shields        | 1 2 3 4 |  4.0
Unarmed Combat | 1 2 3 4 |  4.0
Evocations     | 1 2 3 4 |  4.0
Armour         | 3 4 |  4.8
Conjurations   | 1 2 3 |  3.2
Hexes          | 1 2 3 |  3.2
Summonings     | 1 2 3 |  3.2
Necromancy     | 1 2 3 |  3.2
Translocations | 1 2 3 |  3.2
Transmutations | 1 2 3 |  3.2
Fire Magic     | 1 2 3 |  3.2
Ice Magic      | 1 2 3 |  3.2
Air Magic      | 1 2 3 |  3.2
Earth Magic    | 1 2 3 |  3.2
Poison Magic   | 1 2 3 |  3.2
Fighting       | 5 6 |  6.1
Axes           | 5 6 |  6.1
Dodging        | 5 6 |  6.1
Charms         | 6 |  6.4

Action                   |  1- 3 |  4- 6 |  7- 9 || total
-------------------------+-------+-------+-------++-------
Melee: Hand axe          |    91 |   153 |   273 ||   517
       Bite              |    13 |    11 |    33 ||    57
       Punch             |       |     1 |     2 ||     3
Throw: Stone             |       |     5 |     2 ||     7
       Throwing net      |       |     1 |       ||     1
 Cast: Infusion          |     3 |     3 |    16 ||    22
       Song of Slaying   |       |     4 |     1 ||     5
       Spectral Weapon   |       |       |     4 ||     4
       Shroud of Golubri |       |       |     1 ||     1
  Use: Scroll            |       |     4 |     2 ||     6
 Stab: Sleeping          |       |     3 |     7 ||    10
  Eat: Chunk             |     2 |     6 |    12 ||    20
Armor: Leather armour    |    15 |    30 |    39 ||    84
Dodge: Dodged            |    57 |    94 |   192 ||   343
